 Dungeon Crawl Stone Soup version 0.24.0-1-gfbc8707 (webtiles) character file.

Game seed: 16180576986407426099, levelgen mode: deterministic

257 Faca the Magician (level 6, -2/50 HPs)
             Began as a Gnoll Wanderer on Nov 6, 2019.
             Slain by Menkaure (4 damage)
             ... on level 4 of the Dungeon.
             The game lasted 00:07:27 (3643 turns).

Faca the Magician (Gnoll Wanderer)                  Turns: 3643, Time: 00:07:29

Health: -2/50      AC:  6    Str: 17    XL:     6   Next: 16%
Magic:  13/13      EV: 11    Int: 15    God:
Gold:   167        SH:  0    Dex: 13    Spells: 15/15 levels left

rFire    . . .     SeeInvis .   a - +2 spear
rCold    . . .     Gourm    .   (no shield)
rNeg     . . .     Faith    .   g - +0 ring mail
rPois    .         Spirit   .   (no helmet)
rElec    .         Reflect  .   (no cloak)
rCorr    .         Harm     .   (no gloves)
MR       .....                  l - +0 pair of boots
Stlth    ++........             o - amulet of regeneration
HPRegen  0.56/turn              (no ring)
MPRegen  0.13/turn              (no ring)

@: no status effects
A: distributed training, fangs 1, strong nose
a: no special abilities


You were on level 4 of the Dungeon.
You were near starving.

You visited 1 branch of the dungeon, and saw 4 of its levels.

You collected 167 gold pieces.

Inventory:

Hand Weapons
 a - a +2 spear (weapon)
Armour
 g - a +0 ring mail (worn)
 l - a +0 pair of boots (worn)
 q - a +0 chain mail
Jewellery
 d - an uncursed amulet of harm {unknown}
 o - an amulet of regeneration (around neck)
Scrolls
 e - a scroll of remove curse {unknown}
Potions
 b - a potion of berserk rage {unknown}
 c - a potion of mutation {unknown}
 h - a potion of resistance
 j - 2 potions of heal wounds {unknown}
 k - a potion of lignification {unknown}
Comestibles
 f - 8 rations


   Skills:
 + Level 4.9 Fighting
 + Level 1.8 Short Blades
 + Level 1.8 Long Blades
 + Level 1.8 Axes
 + Level 1.8 Maces & Flails
 + Level 1.8 Polearms
 + Level 1.8 Staves
 + Level 1.8 Slings
 + Level 1.8 Bows
 + Level 1.8 Crossbows
 + Level 1.8 Throwing
 + Level 1.8 Armour
 + Level 1.8 Dodging
 + Level 4.5 Stealth
 + Level 1.8 Shields
 + Level 1.8 Unarmed Combat
 + Level 5.3 Spellcasting
 + Level 1.4 Conjurations
 + Level 1.4 Hexes
 + Level 1.4 Charms
 + Level 2.5 Summonings
 + Level 1.4 Necromancy
 + Level 1.4 Translocations
 + Level 1.4 Transmutations
 + Level 1.4 Fire Magic
 + Level 1.4 Ice Magic
 + Level 1.4 Air Magic
 + Level 1.4 Earth Magic
 + Level 4.0 Poison Magic
 + Level 2.0 Invocations
 + Level 3.1 Evocations


You had 15 spell levels left.
You didn't know any spells.
Your spell library contained the following spells:

 Spells                   Type           Power        Failure   Level  Hunger
 Sting                    Conj/Pois      ##..         10%         1    None
 Beastly Appendage        Tmut           #.....       16%         1    None
 Ignite Poison            Fire/Tmut/Pois ##......     32%         3    ###....


Dungeon Overview and Level Annotations

Branches:
Dungeon (4/15)
 Temple: D:4-7

Altars:
Cheibriados
Gozag
Kikubaaqudgha

Annotations:
D:3 3 runed translucent doors, EternalSandwich's ghost, amateur NaVM
D:4 Menkaure


Innate Abilities, Weirdness & Mutations

Your experience applies equally to all skills.
You have very sharp teeth.
Your uncanny sense of smell can sniff out nearby items.


Message History

You hit Menkaure but do no damage.
Menkaure is moderately damaged.
Menkaure barely misses you.
You hit Menkaure.
Menkaure is heavily damaged.
Menkaure calls on the powers of darkness!
Your body is wracked with pain!
* * * LOW HITPOINT WARNING * * *
You hit Menkaure. You bite Menkaure, but do no damage.
Menkaure is severely damaged.
Menkaure hits you!
* * * LOW HITPOINT WARNING * * *
You barely miss Menkaure.
Menkaure is severely damaged.
Menkaure calls on the powers of darkness!
You feel a surge of unholy energy.
You hit Menkaure.
Menkaure is severely damaged.
Menkaure hits you.
You die...

##.............>
##....<.#..#...
###.###..##
####..##
##..####
##..##..#
#..#....>#
##.MZ.......
##.@#.^......
#..##........∆
#..## #....M..
#..# #......
...# ......
#$... #.... ....
.... ...


You could see Menkaure and a leopard gecko skeleton.

Vanquished Creatures
  An orc priest (D:4)
  2 orc wizards
  Terence (D:3)
  4 adders (D:2)
  An ooze (D:1)
  An adder skeleton (D:4)
  A worm (D:2)
  3 dart slugs
  17 orcs
  A ball python (D:4)
  9 giant cockroaches
  8 goblins
  5 hobgoblins
  2 jackals (D:3)
  4 kobolds
  3 bats
  4 frilled lizards
  8 rats
75 creatures vanquished.

Notes
Turn   | Place    | Note
-------+----------+-------------------------------------------
     0 | D:1      | Faca the Gnoll Wanderer began the quest for the Orb.
     0 | D:1      | Faca set off with the following items: a +2 spear, a +0
                  | robe, a +0 dagger, a ration; and the following spells
                  | available to memorise: Sting, Beastly Appendage, Ignite
                  | Poison
     0 | D:1      | Reached XP level 1. HP: 20/20 MP: 6/6
   103 | D:1      | Reached XP level 2. HP: 21/26 MP: 7/7
   687 | D:1      | Reached XP level 3. HP: 29/31 MP: 9/9
   765 | D:2      | Reached skill level 5 in Spellcasting
   980 | D:2      | Reached skill level 1 in Invocations
  1082 | D:2      | Reached skill level 1 in Short Blades
  1082 | D:2      | Reached skill level 1 in Long Blades
  1082 | D:2      | Reached skill level 1 in Axes
  1082 | D:2      | Reached skill level 1 in Maces & Flails
  1082 | D:2      | Reached skill level 1 in Polearms
  1082 | D:2      | Reached skill level 1 in Staves
  1082 | D:2      | Reached skill level 1 in Slings
  1082 | D:2      | Reached skill level 1 in Bows
  1082 | D:2      | Reached skill level 1 in Crossbows
  1082 | D:2      | Reached skill level 1 in Throwing
  1082 | D:2      | Reached skill level 1 in Armour
  1082 | D:2      | Reached skill level 1 in Dodging
  1082 | D:2      | Reached skill level 1 in Shields
  1082 | D:2      | Reached skill level 1 in Unarmed Combat
  1124 | D:2      | Reached XP level 4. HP: 38/38 MP: 11/11
  1178 | D:2      | Found an ancient bone altar of Kikubaaqudgha.
  1720 | D:2      | Reached skill level 1 in Conjurations
  1720 | D:2      | Reached skill level 1 in Hexes
  1720 | D:2      | Reached skill level 1 in Charms
  1720 | D:2      | Reached skill level 1 in Necromancy
  1720 | D:2      | Reached skill level 1 in Translocations
  1720 | D:2      | Reached skill level 1 in Transmutations
  1720 | D:2      | Reached skill level 1 in Fire Magic
  1720 | D:2      | Reached skill level 1 in Ice Magic
  1720 | D:2      | Reached skill level 1 in Air Magic
  1720 | D:2      | Reached skill level 1 in Earth Magic
  1863 | D:2      | Reached XP level 5. HP: 33/43 MP: 12/12
  2264 | D:3      | Found a runed translucent gate.
  2264 | D:3      | Found a runed translucent gate.
  2266 | D:3      | Found a runed translucent gate.
  2269 | D:3      | Noticed EternalSandwich's ghost (amateur NaVM)
  2297 | D:3      | Noticed Terence
  2331 | D:3      | Killed Terence
  2905 | D:3      | Found an opulent altar of Gozag.
  2957 | D:3      | Found a snail-covered altar of Cheibriados.
  3327 | D:4      | Reached XP level 6. HP: 37/50 MP: 13/13
  3623 | D:4      | Noticed Menkaure
  3641 | D:4      | HP: 1/50 [Menkaure (8)]
  3643 | D:4      | Slain by Menkaure

Levels and vault maps discovered:
D:1:      saegor_arrival_miasma, layout_basic
D:2:      layout_basic, kiku_gazebo_garden_becter, first_ration,
          roderic_roman_lattice
D:3:      layout_rooms, marbit_many_paths, lemuel_round_altar,
          gammafunk_ghost_necromancy, eino_tiny_chamber, uniq_terence
D:4:      layout_cave_pods, lemuel_doored_altar, serial_bayou_pond_c,
          uniq_menkaure, uniq_duvessa

Skill      XL: |  1  2  3  4  5 |
---------------+----------------+-----
Summonings     | 2 |  2.5
Spellcasting   | 5 |  5.3
Invocations    | 1 2 |  2.0
Short Blades   | 1 |  1.8
Long Blades    | 1 |  1.8
Axes           | 1 |  1.8
Maces & Flails | 1 |  1.8
Polearms       | 1 |  1.8
Staves         | 1 |  1.8
Slings         | 1 |  1.8
Bows           | 1 |  1.8
Crossbows      | 1 |  1.8
Throwing       | 1 |  1.8
Armour         | 1 |  1.8
Dodging        | 1 |  1.8
Shields        | 1 |  1.8
Unarmed Combat | 1 |  1.8
Conjurations   | 1 |  1.4
Hexes          | 1 |  1.4
Charms         | 1 |  1.4
Necromancy     | 1 |  1.4
Translocations | 1 |  1.4
Transmutations | 1 |  1.4
Fire Magic     | 1 |  1.4
Ice Magic      | 1 |  1.4
Air Magic      | 1 |  1.4
Earth Magic    | 1 |  1.4
Poison Magic   | 4 |  4.0
Evocations     | 3 |  3.1
Fighting       | |  4.9
Stealth        | |  4.5

Action                   |  1- 3 |  4- 6 || total
-------------------------+-------+-------++-------
Melee: Spear             |    70 |   221 ||   291
       Bite              |     4 |    20 ||    24
  Use: Scroll            |       |     5 ||     5
 Stab: Sleeping          |     8 |     6 ||    14
       Distracted        |       |     1 ||     1
  Eat: Chunk             |     1 |     6 ||     7
Armor: Robe              |     1 |       ||     1
       Ring mail         |    10 |    64 ||    74
Dodge: Dodged            |    26 |   113 ||   139
